 Dungeon Crawl Stone Soup version 0.28.0-1-gb440e238dd (webtiles) character file.

Game seed: 3473579599435800132

2 mcwallace the Grave Robber (level 1, 2/14 HPs)
             Began as a Ghoul Necromancer on Feb 20, 2022.
             Quit the game on level 1 of the Dungeon.
             The game lasted 00:00:32 (61 turns).

mcwallace the Grave Robber (Ghoul Necromancer)        Turns: 61, Time: 00:00:33

Health: 2/14       AC:  2    Str: 11    XL:     1   Next: 30%
Magic:  2/2        EV: 12    Int: 10    God:
Gold:   0          SH:  0    Dex:  9    Spells: 2/3 levels left

rFire   . . .      SeeInvis .   (no weapon)
rCold   + . .      Faith    .   (no shield)
rNeg    + + +      Spirit   .   a - +0 robe
rPois   ∞          Reflect  .   (no helmet)
rElec   .          Harm     .   (no cloak)
rCorr   .          Rampage  .   (no gloves)
Will    .....                   (no boots)
Stlth   ++........              (no amulet)
HPRegen 0.04/turn               (no ring)
MPRegen 0.08/turn               (no ring)

@: no status effects
A: claws 1, cold resistance 1, negative energy resistance 3, inhibited
regeneration, torment resistance 2
a: no special abilities


You were on level 1 of the Dungeon.
You visited 1 branch of the dungeon, and saw 1 of its levels.


Innate Abilities, Weirdness & Mutations

You thrive by killing the living.
You are immune to poison.
You have sharp fingernails.
Your flesh is cold resistant. (rC+)
You are immune to negative energy. (rN+++)
You do not regenerate when monsters are visible.
You are immune to unholy pain and torment.


   Skills:
 + Level 0.1 Fighting
 + Level 1.8 Dodging
 - Level 2.1 Stealth
 + Level 1.8 Spellcasting
 + Level 4.0 Necromancy


You had 2 spell levels left.
You knew the following spells:

 Your Spells              Type           Power      Damage    Failure   Level
a - Pain                  Necr           32%        1d5       6%          1

Your spell library contained the following spells:

 Spells                   Type           Power      Damage    Failure   Level
 Animate Skeleton         Necr           16%        N/A       6%          1
 Vampiric Draining        Necr           8%         2d6       19%         3
 Animate Dead             Necr           4%         N/A       52%         4
 Agony                    Necr           8%         N/A       86%         5

Inventory:

Hand Weapons
 b - a +0 club {mace}
   (You took it off a kobold on level 1 of the Dungeon)
Armour
 a - a +0 robe (worn)

Dungeon Overview and Level Annotations

Branches:
Dungeon (1/15)

Altars:

### ... #.# #.#
#.##########.###.###
#....>.@.!.†........
#####''###....$.....
##.##.####.......#
#...##.# ......#.#
##.<.##.# ####### .
##....##.#
#.####8#.#
#.......## #########


There were no monsters in sight!


Message History

🤖 Initializing magus.rc ...
Options error: Delay interrupt name "hungry" not recognised. (~/.crawlrc:4770) Options error: Bad monster_list_colour key: strict_neutral (~/.crawlrc:4785) ✅ Successfully initialized magus.rc [v1.9.6] Welcome, mcwallace the Ghoul Necromancer.
They say the Orb of Zot lies within this dungeon, but they say a lot of things.
Press ? for a list of commands and other information.
Found a staircase leading out of the dungeon.
No target in view!
No target in view!
No target in view!
You open the large door.
Found a stone staircase leading down.
No target in view!
There is a large open door here.
A quokka comes into view.
A quokka is nearby!
You see here a fuming sapphire potion.
The quokka bites you. 😮 HP[-4]
You take 4 damage, and now have 10/14 hp.
MASSIVE DAMAGE!! (PAUSE)
You are too injured to fight recklessly!
You are too injured to fight recklessly!
You scratch the quokka. The quokka barely misses you.
The quokka closely misses you.
You barely miss the quokka. The quokka misses you.
You barely miss the quokka. The quokka barely misses you.
You scratch the quokka but do no damage.
The quokka closely misses you.
You scratch the quokka. The quokka barely misses you.
You closely miss the quokka. The quokka bites you.
The quokka barely misses you. 😮 HP[-1]
You take 1 damage, and now have 9/14 hp.
You barely miss the quokka. The quokka closely misses you.
You scratch the quokka but do no damage.
The quokka bites you. 😮 HP[-1]
You take 1 damage, and now have 8/14 hp.
You closely miss the quokka. The quokka barely misses you.
You scratch the quokka but do no damage.
The quokka closely misses you.
You closely miss the quokka. The quokka bites you.
* * * LOW HITPOINT WARNING * * *
The quokka barely misses you. 😨 HP[-2]
You take 2 damage, and now have 6/14 hp.
You closely miss the quokka. The quokka barely misses you.
You closely miss the quokka. The quokka closely misses you.
You closely miss the quokka.
The quokka bites you but does no damage.
You miss the quokka. The quokka bites you.
* * * LOW HITPOINT WARNING * * *
😨 HP[-2]
You take 2 damage, and now have 4/14 hp.
You scratch the quokka.
You kill the quokka!
You feel better. 😨 HP[+2]
You regained 2 hp, and now have 6/14 hp.
A kobold comes into view. It is wielding a +0 club.
You see here a quokka corpse.
You see here a quokka corpse.
You see here a fuming sapphire potion.
There is a stone staircase leading down here.
There is a stone staircase leading down here.
You scratch the kobold. The kobold completely misses you.
You closely miss the kobold. The kobold hits you with a +0 club.
* * * LOW HITPOINT WARNING * * *
😨 HP[-1]
You take 1 damage, and now have 5/14 hp.
You scratch the kobold but do no damage.
The kobold misses you.
You closely miss the kobold. The kobold barely misses you.
You scratch the kobold but do no damage.
The kobold misses you.
You barely miss the kobold. The kobold hits you with a +0 club.
* * * LOW HITPOINT WARNING * * *
😱 HP[-3]
You take 3 damage, and now have 2/14 hp.
MASSIVE DAMAGE!! (PAUSE)
You closely miss the kobold. The kobold completely misses you.
You closely miss the kobold. The kobold closely misses you.
You scratch the kobold.
You kill the kobold!
b - a +0 club {mace} Are you sure you want to abandon this character and quit the game? (Confirm with "yes".)

Action                   || total
-------------------------++-------
Melee: Unarmed           ||    25
Armor: Robe              ||     1
Dodge: Dodged            ||    19

Levels and vault maps discovered:
D:1:      saegor_arrival_simple_e, layout_basic

Notes
Turn   | Place    | Note
-------+----------+-------------------------------------------
     0 | D:1      | mcwallace the Ghoul Necromancer began the quest for the
                  | Orb.
     0 | D:1      | Reached XP level 1. HP: 14/14 MP: 2/2
     0 | D:1      | magus.rc [v1.9.6]
    53 | D:1      | HP: 2/14 [kobold (3)]
    61 | D:1      | Quit the game

Vanquished Creatures
  A quokka (D:1)
  A kobold (D:1)
2 creatures vanquished.

Table legend:
 A = Non-vault XP
 B = Vault XP
 C = Vault XP percentage of total XP
 D = Non-vault monster count
 E = Vault monster count
 F = Vault count percentage of total count
                 A         B        C        D         E       F
            +---------+---------+-------+---------+---------+-------
      Total |       3 |       0 |   0.0 |       2 |       0 |   0.0
            +---------+---------+-------+---------+---------+-------
        D:1 |       3 |       0 |   0.0 |       2 |       0 |   0.0
            +---------+---------+-------+---------+---------+-------

Illustrated notes

Table legend:
 A = Kills in this place as a percentage of kills in entire the game.
 B = Kills by you in this place as a percentage of kills by you in the entire game.
 C = Kills by friends in this place as a percentage of kills by friends in the entire game.
 D = Other kills in this place as a percentage of other kills in the entire game.
 E = Experience gained in this place as a percentage of experience gained in the entire game.
 F = Experience gained in this place divided by the number of levels of this place that you have seen.
                   A       B       C       D       E      F
               +-------+-------+-------+-------+-------+----------------------
         Total | 100.0 | 100.0 |   N/A |   N/A | 100.0 |   3.0
       Dungeon | 100.0 | 100.0 |   N/A |   N/A | 100.0 |   3.0
               +-------+-------+-------+-------+-------+----------------------

Table legend: (Time is in decaauts)
 A = Elapsed time spent in this place.
 B = Non-inter-level travel time spent in this place.
 C = Inter-level travel time spent in this place.
 D = Time resting spent in this place.
 E = Time spent auto-exploring this place.
 F = Levels seen in this place.
 G = Mean time per level.
                   A        B        C        D        E       F      G
               +--------+--------+--------+--------+--------+-----+--------+
         Total |     61 |     61 |      0 |      0 |     16 |   1 |   61.0 |
       Dungeon |     61 |     61 |      0 |      0 |     16 |   1 |   61.0 |
               +--------+--------+--------+--------+--------+-----+--------+

Top non-repeatable levels by time:
     D:1: 61 daAuts
